 Dungeon Crawl Stone Soup version 0.22-a0-425-g89d60a11d8 (webtiles) character file.

1282 RedPan the Insei (level 8, -1/60 HPs)
             Began as a Demonspawn Monk on May 24, 2018.
             Was a Follower of Cheibriados.
             Slain by a two-headed ogre
             ... wielding a +0 giant spiked club
              (10 damage)
             ... on level 6 of the Dungeon.
             The game lasted 00:14:53 (6486 turns).

RedPan the Insei (Demonspawn Monk)                  Turns: 6486, Time: 00:14:53

Health: -1/60      AC: 12    Str: 15    XL:     8   Next: 29%
Magic:  0/8        EV: 14    Int: 17    God:    Cheibriados [*.....]
Gold:   325        SH:  5    Dex: 18    Spells: 7/7 levels left

rFire    . . .     SeeInvis .     - Unarmed
rCold    . . .     Gourm    .   r - +0 buckler
rNeg     . . .     Faith    .   g - +1 ring mail
rPois    .         Spirit   +   (no helmet)
rElec    .         Reflect  .   m - +2 cloak
rCorr    .         Harm     .   n - +0 pair of gloves
MR       .....                  (no boots)
Stlth    ++........             (no amulet)
HPRegen  0.20/turn              i - ring of stealth
MPRegen  0.22/turn              (no ring)

@: very slow
A: talons 1, iridescent scales 1, powered by death 1, magic shield, magic
regeneration
a: Bend Time, Renounce Religion


You were on level 6 of the Dungeon.
You worshipped Cheibriados.
Cheibriados was aware of your devotion.
You were very hungry.

You visited 2 branches of the dungeon, and saw 7 of its levels.

You collected 325 gold pieces.

Inventory:

Armour
 a - a +0 robe
 f - a +0 chain mail
 g - a +1 ring mail (worn)
 m - a +2 cloak (worn)
 n - a +0 pair of gloves (worn)
 r - a +0 buckler (worn)
 t - a +0 shield
Jewellery
 i - a ring of stealth (left hand)
 s - an uncursed ring of wizardry {unknown}
Wands
 o - a wand of enslavement (7)
Scrolls
 k - 4 scrolls of remove curse
 u - a scroll of amnesia
 v - a scroll of teleportation
Potions
 c - 2 potions of flight
 d - a potion of haste
 e - 2 potions of lignification {unknown}
 h - a potion of resistance {unknown}
 j - 2 potions of ambrosia
 l - a potion of mutation {unknown}
 p - a potion of cancellation {unknown}
 q - a potion of curing
 w - a potion of degeneration {unknown}
Comestibles
 b - 6 rations


   Skills:
 - Level 4.0 Fighting
 - Level 2.1 Armour
 + Level 5.2 Dodging
 - Level 1.7 Stealth
 + Level 2.6 Shields
 * Level 7.0 Unarmed Combat
 + Level 1.1 Invocations


You had 7 spell levels left.
You didn't know any spells.
Your spell library was empty.

Dungeon Overview and Level Annotations

Branches:
Dungeon (6/15)             Temple (1/1) D:6

Altars:
Ashenzari
Cheibriados
Dithmenos
Elyvilon
Fedhas
Gozag
Hepliaklqana
Kikubaaqudgha
Makhleb
Nemelex Xobeh
Okawaru
Qazlal
Ru
Sif Muna
Trog
Uskayaw
Vehumet
Wu Jian
Xom
Yredelemnul
Zin
The Shining One

Shops:
D:5 =%:}


Innate Abilities, Weirdness & Mutations

You have sharp toenails.
You are partially covered in iridescent scales. (AC +2)
You regenerate a little health from kills.
When hurt, damage is shared between your health and your magic reserves.
You regenerate magic rapidly.


Message History

You feel slightly more hungry. The two-headed ogre misses you.
The two-headed ogre hits you with a giant spiked club!
You fail to use your ability.
You block the two-headed ogre's attack. The two-headed ogre closely misses you.
You fail to use your ability.
The flow of time bends around you.
The two-headed ogre resists with some effort.
You are feeling very hungry.
The two-headed ogre hits you with a giant spiked club.
The two-headed ogre hits you with a giant spiked club!!
You don't have enough magic at the moment.
The two-headed ogre barely misses you.
The two-headed ogre hits you but does no damage.
You block the two-headed ogre's attack.
The two-headed ogre hits you with a giant spiked club!
* * * LOW HITPOINT WARNING * * *
You see here 19 sling bullets.
The two-headed ogre misses you.
The two-headed ogre hits you with a giant spiked club!
You die...

#.....# ##'#
##########.....###..##+####
........<......#..........#
...............#..........#
.>.............+..........#
.......##...##.####.##..###
.......##...#######.##+###
.........................#
................@O.......#
##.....##................#
##.....#######..##########
#......##...###'###.....
#.......................
#.......................
##..#.#.#.#.#...........
##......................
....#.......#...........


You could see a two-headed ogre.

Vanquished Creatures
  Menkaure (D:6)
  Edmund (D:5)
  A black bear (D:6)
  An ogre (D:5)
  2 bullfrogs (D:4)
  A crimson imp (D:5)
  An orc priest (D:4)
  2 hounds
  A jelly (D:6)
  Crazy Yiuf (D:5)
  2 centaur skeletons (D:4)
  Jessica (D:2)
  2 iguanas
  A worker ant (D:5)
  A hound skeleton (D:5)
  12 gnolls
  14 adders
  A shadow imp (D:5)
  An ooze (D:4)
  2 adder skeletons
  A worm (D:2)
  3 dart slugs
  7 leopard geckos
  8 orcs
  12 bats
  7 giant cockroaches
  4 goblins
  13 hobgoblins
  6 jackals
  4 quokkas
  A ball python (D:2)
  5 frilled lizards
  12 kobolds
  A leopard gecko skeleton (D:4)
  7 rats
140 creatures vanquished.

Notes
Turn   | Place    | Note
-------+----------+-------------------------------------------
     0 | D:1      | RedPan the Demonspawn Monk began the quest for the Orb.
     0 | D:1      | Reached XP level 1. HP: 18/18 MP: 1/1
   444 | D:1      | Reached skill level 3 in Unarmed Combat
   472 | D:1      | Gained mutation: When hurt, damage is shared between your health and your magic reserves. [demonic ancestry]
   472 | D:1      | Reached XP level 2. HP: 5/24 MP: 2/2
  1110 | D:1      | Gained mutation: You have sharp toenails. [demonic ancestry]
  1110 | D:1      | Reached XP level 3. HP: 22/29 MP: 3/3
  1885 | D:2      | Reached XP level 4. HP: 30/35 MP: 2/4
  2261 | D:2      | Reached skill level 4 in Unarmed Combat
  2481 | D:2      | Noticed Jessica
  2488 | D:2      | Killed Jessica
  2488 | D:2      | Gained mutation: You are partially covered in iridescent scales. (AC +2) [demonic ancestry]
  2488 | D:2      | Reached XP level 5. HP: 36/42 MP: 3/5
  2856 | D:3      | Found a white marble altar of Elyvilon.
  2865 | D:3      | Noticed a two-headed ogre
  3741 | D:4      | Reached skill level 1 in Armour
  3741 | D:4      | Gained mutation: You regenerate a little health from kills. [demonic ancestry]
  3741 | D:4      | Reached XP level 6. HP: 48/48 MP: 6/6
  3813 | D:4      | Reached skill level 5 in Unarmed Combat
  4197 | D:4      | Reached XP level 7. HP: 42/54 MP: 3/7
  4431 | D:5      | Entered Level 5 of the Dungeon
  4662 | D:5      | Found Curunyt's Gadget Shop.
  4767 | D:5      | Found Lymmuxt's Jewellery Shoppe.
  4816 | D:5      | HP: 2/54 [ogre/giant club (9)]
  4817 | D:5      | Reached skill level 1 in Shields
  4817 | D:5      | Reached skill level 6 in Unarmed Combat
  5103 | D:5      | Found Fotiss's Book Shop.
  5165 | D:5      | Noticed Edmund
  5193 | D:5      | Killed Edmund
  5509 | D:5      | Found a runed door.
  5703 | D:5      | Found Yriav's Food Boutique.
  5932 | D:5      | Noticed Crazy Yiuf
  5939 | D:5      | Killed Crazy Yiuf
  5939 | D:5      | Gained mutation: You regenerate magic rapidly. [demonic ancestry]
  5939 | D:5      | Reached XP level 8. HP: 60/60 MP: 8/8
  6038 | D:6      | Found a staircase to the Ecumenical Temple.
  6057 | D:6      | Reached skill level 5 in Dodging
  6063 | D:6      | Noticed Menkaure
  6071 | Temple   | Entered the Ecumenical Temple
  6238 | Temple   | Became a worshipper of Cheibriados the Contemplative
  6238 | Temple   | Reached * piety under Cheibriados
  6238 | Temple   | Reached ** piety under Cheibriados
  6327 | D:6      | Killed Menkaure
  6327 | D:6      | Reached skill level 7 in Unarmed Combat
  6327 | D:6      | Reached skill level 1 in Invocations
  6469 | D:6      | Noticed a two-headed ogre
  6486 | D:6      | Slain by a two-headed ogre

Vault maps used:
D:1:      dpeg_arrival_lava_altar, minivault_14
D:2:      kennysheep_six_static_rooms, uniq_jessica
D:3:      elyvilon_altar_5, minmay_distorted
D:4:      first_ration, kennysheep_generic_room_8
D:5:      serial_shops, shop_coins, shop, nicolae_shop_trees, shop, uniq_edmund,
          uniq_crazy_yiuf_cottage
D:6:      minmay_temple_entry_glass, uniq_menkaure
Temple:   dpeg_three_leaves_temple

Skill      XL: |  1  2  3  4  5  6  7  8 |
---------------+-------------------------+-----
Unarmed Combat | 3 4 5 6 7 |  7.0
Dodging        | 3 4 5 |  5.2
Fighting       | 4 |  4.0
Armour         | 1 2 |  2.1
Shields        | 2 |  2.6
Invocations    | 1 |  1.1
Stealth        | |  1.7

Action                   |  1- 3 |  4- 6 |  7- 9 || total
-------------------------+-------+-------+-------++-------
Melee: Unarmed           |   150 |   255 |   207 ||   612
       Punch             |     2 |     1 |       ||     3
       Kick              |     6 |    63 |    66 ||   135
Invok: Bend Time         |       |       |     3 ||     3
  Use: Scroll            |     3 |     4 |     5 ||    12
 Stab: Sleeping          |     6 |     7 |     3 ||    16
  Eat: Chunk             |     3 |     8 |     6 ||    17
Armor: Robe              |    31 |     4 |       ||    35
       Ring mail         |       |   117 |    67 ||   184
Dodge: Dodged            |   143 |   166 |   118 ||   427
Block: Buckler           |       |       |    32 ||    32

Table legend:
 A = Spawn XP
 B = Non-spawn XP
 C = Spawn XP percentage of total XP
 D = Spawn monster count
 E = Non-spawn monster count
 F = Spawn count percentage of total count
 G = Total turns spent on level
                    A         B        C        D         E        F      G
               +---------+---------+-------+---------+---------+-------+---------
         Total |       0 |    1832 |   0.0 |       0 |     140 |   0.0 |  6486
               +---------+---------+-------+---------+---------+-------+---------
           D:1 |       0 |      62 |   0.0 |       0 |      29 |   0.0 |  1685
           D:2 |       0 |     186 |   0.0 |       0 |      42 |   0.0 |  1117
           D:3 |       0 |     115 |   0.0 |       0 |      22 |   0.0 |   978
           D:4 |       0 |     434 |   0.0 |       0 |      19 |   0.0 |   743
           D:5 |       0 |     633 |   0.0 |       0 |      21 |   0.0 |  1508
           D:6 |       0 |     373 |   0.0 |       0 |       5 |   0.0 |   209
        Temple |       0 |      29 |   0.0 |       0 |       2 |   0.0 |   246
               +---------+---------+-------+---------+---------+-------+---------
